 Dungeon Crawl Stone Soup version 0.31-a0-667-g39726597b9 (webtiles) character file.

Game seed: 12137466036222541195

11354 Xavori the Unseen (level 11, -1/74 HPs)
             Began as an Octopode Chaos Knight on Sept 4, 2023.
             Was a Plaything of Xom.
             Slain by a deep troll (11 damage)
             ... on level 9 of the Dungeon.
             The game lasted 00:12:43 (14854 turns).

Xavori the Unseen (Octopode Chaos Knight)          Turns: 14854, Time: 00:12:43

Health: -1/74      AC:  3    Str:  9    XL:     11   Next: 76%
Magic:  20/20      EV: 24    Int: 12    God:    Xom [......]
Gold:   694        SH: 10    Dex: 28    Spells: 10/10 levels left

rFire   + + .        L - +5 short sword (vamp)
rCold   + + +        n - +3 warlock's mirror {omnireflect}
rNeg    + . .        (helmet restricted)
rPois   .            D - amulet of faith
rElec   .            d - ring of protection from cold
rCorr   .            t - +5 ring of evasion
SInv    +            A - ring "Ankut" {Fly rN+}
Will    .....        C - ring of magical power
Stlth   ++++++++     F - ring "Reru" {Drain rF+ rC+++ Str-4 Dex+6}
HPRegen 1.12/turn    k - ring of Arekesao {Str+3 Dex+6}
MPRegen 0.17/turn    (no ring)
                     (no ring)

%: reflection, faith
@: flying
A: almost no armour, amphibious, 8 rings, camouflage 1, gelatinous body 1,
(nimble swimmer 1), tentacles, tentacle spike 2, iridescent scales 1, see
invisible, dopey 1, fire resistance 1, regeneration 1, weak 1, noise suppression
a: Renounce Religion


You were on level 9 of the Dungeon.
You worshipped Xom.
You were a very special plaything of Xom.
You visited 1 branch of the dungeon, and saw 9 of its levels.
You also visited: Sewer.

You collected 694 gold pieces.

Inventory:

Hand Weapons
 L - a +5 vampiric short sword (weapon)
Missiles
 J - 2 throwing nets
Armour
 n - the +3 warlock's mirror (worn) {omnireflect}
   (You acquired it on level 3 of the Dungeon)

   Omnireflect: It can block and reflect piercing ranged attacks and magical
   attacks against the wielder's willpower.
Jewellery
 d - a ring of protection from cold (left tentacle)
 k - the ring of Arekesao (on tentacle) {Str+3 Dex+6}
   (You found it on level 8 of the Dungeon)

   [ring of dexterity]

   Str+3:     It affects your strength (+3).
   Dex+6:     It affects your dexterity (+6).
 t - a +5 ring of evasion (right tentacle)
 A - the ring "Ankut" (on tentacle) {Fly rN+}
   (Xom gifted it to you on level 4 of the Dungeon)

   [ring of positive energy]

   rN+:       It protects you from negative energy.
   Fly:       It grants you flight.
 C - a ring of magical power (on tentacle)
 D - an amulet of faith (around mantle)
 F - the ring "Reru" (on tentacle) {Drain rF+ rC+++ Str-4 Dex+6}
   (You acquired it on level 6 of the Dungeon)

   [ring of dexterity]

   Str-4:     It affects your strength (-4).
   Dex+6:     It affects your dexterity (+6).
   rF+:       It protects you from fire.
   rC+++:     It renders you almost immune to cold.
   Drain:     It drains your maximum health when unequipped.
Talismans
 y - a granite talisman
Wands
 p - a wand of digging (8)
 B - a wand of iceblast (15)
 G - a wand of flame (8)
 K - a wand of mindburst (5)
Scrolls
 e - 4 scrolls of teleportation
 f - 5 scrolls of blinking
 g - 4 scrolls of enchant armour
 i - 3 scrolls of revelation
 m - 3 scrolls of fog
 q - 2 scrolls of fear {unknown}
 w - a scroll of amnesia
 H - 3 scrolls of immolation {unknown}
 I - a scroll of poison {unknown}
 M - a scroll of enchant weapon
 N - 2 scrolls of vulnerability
Potions
 a - a potion of magic {unknown}
 b - a potion of berserk rage {unknown}
 c - 2 potions of enlightenment
 h - 2 potions of attraction {unknown}
 j - 3 potions of lignification
 l - a potion of might {unknown}
 o - 4 potions of curing
 r - 3 potions of mutation
 s - 2 potions of heal wounds {unknown}
 u - a potion of resistance {unknown}
 v - 2 potions of haste {unknown}
 x - 2 potions of brilliance {unknown}
 z - a potion of invisibility {unknown}
 E - a potion of cancellation {unknown}
Miscellaneous
 P - a phial of floods


   Skills:
 + Level 6.7 Fighting
 + Level 9.2 Short Blades
 + Level 6.9 Dodging
 + Level 16.0 Stealth
 + Level 5.7 Shields
 * Level 2.7 Evocations
 * Level 2.2 Shapeshifting


You had 10 spell levels left.
You didn't know any spells.
Your spell library contained the following spells:

 Spells                   Type           Power      Damage    Failure   Level
 Freeze                   Ice            0%         1d3       43%         1
 Kiss of Death            Conj/Necr      0%         2d5       43%         1
 Shock                    Conj/Air       0%         1d3       43%         1
 Summon Small Mammal      Summ           0%         N/A       43%         1
 Cigotuvi's Dreadful Rot  Necr/Pois/Air  0%         N/A       56%         2
 Call Canine Familiar     Summ           0%         N/A       80%         3
 Confusing Touch          Hex            0%         N/A       80%         3
 Frozen Ramparts          Ice            0%         1d1       80%         3
 Hailstorm                Conj/Ice       0%         3d3       80%         3
 Summon Guardian Golem    Hex/Summ       0%         N/A       80%         3
 Dispel Undead            Necr           0%         3d6       99%         4
 Death Channel            Necr           0%         N/A       100%        6


Dungeon Overview and Level Annotations

Branches:
Dungeon (9/15)             Temple (0/1) D:5           Sewer (visited)
   Lair: D:8-11         Orc: D:9-12

Altars:
Fedhas
Gozag
Kikubaaqudgha
Nemelex Xobeh
Okawaru
Uskayaw
Xom
The Shining One
Lugonu

Portals:
Abyss: D:6

Annotations:
Abyss:1 Joseph


Innate Abilities, Weirdness & Mutations

You cannot wear most types of armour.
You are amphibious.
You can wear up to eight rings at the same time.
Your skin changes colour to match your surroundings (Stealth+).
Your rubbery body absorbs attacks. (AC +1, EV +1)
((You are camouflaged when in or above water. (Stealth+)))
You have tentacles for arms and can constrict up to eight enemies at once.
One of your tentacles bears a nasty spike.
You are partially covered in iridescent scales. (AC +2)
You have supernaturally acute eyesight. (SInv)
You are dopey. (Int -2)
Your flesh is heat resistant. (rF+)
Your natural rate of healing is unusually fast.
You are weak. (Str -2)
You passively dampen the noise of your surroundings.


Message History

Your tentacle spike misses the deep troll.
Your squeeze misses the deep troll.
The deep troll is heavily wounded.
You barely miss the deep troll.
You pierce the deep troll.
The deep troll is heavily wounded.
The deep troll barely misses you. The deep troll claws you!
You block the deep troll's attack.
You hit the deep troll.
You feel better.
You pierce the deep troll.
The deep troll is heavily wounded.
You hit the deep troll.
You feel better.
The deep troll is heavily wounded.
You block the deep troll's attack. x2; The deep troll claws you!
You miss the deep troll. You squeeze the deep troll!
The deep troll is severely wounded.
The deep troll barely misses you. The deep troll claws you! x2
You hit the deep troll but do no damage.
Your tentacle spike misses the deep troll.
The deep troll is severely wounded. "You need some minor improvements, mortal!"
Your body is suffused with distortional energy.
You feel stupid.
Your iridescent scales recede somewhat.
You hit the deep troll.
You feel better.
You pierce the deep troll, but do no damage.
The deep troll is severely wounded.
The deep troll bites you. The deep troll barely misses you.
You block the deep troll's attack.
You closely miss the deep troll.
Your tentacle spike misses the deep troll.
You squeeze the deep troll, but do no damage.
The deep troll is severely wounded.
You hit the deep troll.
You feel better.
The deep troll is severely wounded.
The deep troll bites you! The deep troll completely misses you.
The deep troll claws you!
* * * LOW HITPOINT WARNING * * *
You closely miss the deep troll.
The deep troll is severely wounded.
You block the deep troll's attack. The deep troll claws you!
You die...
Xom howls with laughter!

.###.####.####...#####.# ##.##..
..##.# #......#######.####...#..
#..#.# ###.....<.............#..
##)).#####..####.##....###.####..
...)........#.#..##..####..# #..
....).....###.#####..####.## ##$
.###..#...# #.#)#.....##..# ##
###...###.###.#.#T.......## #
...###.##..#.#.#@#......##
####..######.#.###......#
######...# #.#†#........#
#†...######.###........#
######.....#)##.........#
#....#############......# ..####
#.#:. #####..# ....# ###.#### ..#
###.## #[#.# ...


You could see a deep troll (agile).

Vanquished Creatures
  A hydra (D:9)
  A centaur warrior (D:8)
  A two-headed ogre (D:9)
  A boulder beetle (D:9)
  Pikel (D:5)
  2 cyclopes
  2 unseen horrors (D:8)
  A yaktaur (shapeshifter) (D:5)
  A troll (D:8)
  A troll (shapeshifter) (D:9)
  A hornet (D:9)
  A slime creature (D:8)
  A wraith (D:9)
  A human (shapeshifter) (D:9)
  2 steam dragons (D:8)
  2 acid dragons
  Duvessa (D:5)
  3 water moccasins
  3 orc warriors
  2 black bears
  5 ice beasts
  A sky beast (D:7)
  A wolf (D:8)
  An ogre (D:5)
  A lemure (D:5)
  5 centaurs
  2 phantoms
  7 kobold brigands
  5 bullfrogs
  4 scorpions (D:5)
  4 wights (D:8)
  Dowan (D:5)
  7 killer bees
  A vampire bat (D:3)
  5 howler monkeys
  8 hounds
  2 jellies (D:5)
  2 orc priests (D:7)
  Ijyb (D:5)
  A sleepcap (D:7)
  A gnoll bouda (D:8)
  An iguana (D:5)
  15 orc wizards
  16 gnolls
  11 adders
  4 river rats (Sewer)
  A white imp (D:6)
  2 ufetubi (D:5)
  6 worms
  4 dart slugs
  24 orcs
  4 bat skeletons (D:3)
  2 bat zombies (D:3)
  8 endoplasms
  6 giant cockroaches
  13 goblins
  8 hobgoblins
  4 jackals (D:1)
  26 kobolds
  A quokka (D:3)
  9 ball pythons
  5 bats
  2 frilled lizards (D:1)
  13 rats
  A lurking horror (D:6)
280 creatures vanquished.

Vanquished Creatures (others)
  An orc (D:8)
  A lurking horror (D:6)
2 creatures vanquished.

Grand Total: 282 creatures vanquished

Notes
Turn   | Place    | Note
-------+----------+-------------------------------------------
     0 | D:1      | Xavori the Octopode Chaos Knight began the quest for the
                  | Orb.
     0 | D:1      | Reached XP level 1. HP: 16/16 MP: 1/1
   156 | D:1      | XOM: divination: detect items
   177 | D:1      | Reached XP level 2. HP: 7/21 MP: 2/2
   514 | D:1      | Found a faded altar of an unknown god.
   626 | D:1      | Reached skill level 1 in Stealth
   688 | D:1      | Reached XP level 3. HP: 26/26 MP: 3/3
   960 | D:1      | XOM: cloud trail
  1445 | D:1      | XOM: cloud trail
  1717 | D:1      | XOM is BORED!
  1717 | D:1      | XOM: noise
  1754 | D:1      | XOM: god gift: scroll labelled BEMNAIRU ETOER {god gift}
  2029 | D:1      | XOM: god gift: ancient plate armour {god gift}
  2029 | D:1      | Identified the +1 plate armour of Xom's Righteous Fury
                  | {Int+3} (Xom gifted it to you on level 1 of the Dungeon)
  2080 | D:1      | XOM: silly message
  2724 | D:1      | XOM: scenery: summon butterflies
  3373 | D:1      | XOM: give mutations
  3373 | D:1      | Gained mutation: You are robust. (+10% HP) [Xom's grace]
  3373 | D:1      | Gained mutation: You passively dampen the noise of your
                  | surroundings. [Xom's grace]
  3373 | D:1      | Gained mutation: Your flesh is heat resistant. (rF+) [Xom's
                  | grace]
  3611 | D:1      | XOM: give mutations
  3611 | D:1      | Gained mutation: Your spells are a little easier to cast,
                  | but a little less powerful. [Xom's mischief]
  3611 | D:1      | Gained mutation: You are weak. (Str -2) [Xom's mischief]
  3628 | D:1      | XOM: stat loss: -1 Str (8/9)
  4172 | D:1      | XOM: give mutation
  4172 | D:1      | Gained mutation: You occasionally shout uncontrollably at
                  | your foes. [Xom's mischief]
  5746 | D:1      | XOM is BORED!
  5746 | D:1      | XOM: noise
  5849 | D:1      | XOM: silly message
  6367 | D:1      | XOM: god gift: 43 gold pieces
  6497 | D:1      | XOM is BORED!
  6497 | D:1      | XOM: summons 2 hostile demons
  6534 | D:2      | XOM: summons 3 hostile shadow creatures
  6932 | D:1      | XOM: cloud trail
  7052 | D:1      | XOM: give mutations
  7052 | D:1      | Gained mutation: You are partially covered in iridescent
                  | scales. (AC +2) [Xom's grace]
  7052 | D:1      | Gained mutation: You have supernaturally acute eyesight.
                  | (SInv) [Xom's grace]
  7052 | D:1      | Gained mutation: Your mind is acute. (Int +4, Str/Dex -1)
                  | [Xom's grace]
  7052 | D:1      | Gained mutation: You are mostly covered in iridescent
                  | scales. (AC +4) [Xom's grace]
  7174 | D:1      | XOM: give mutations
  7174 | D:1      | Gained mutation: You are strong-willed. (Will+) [Xom's
                  | grace]
  7174 | D:1      | Gained mutation: You are completely covered in iridescent
                  | scales. (AC +6) [Xom's grace]
  7174 | D:1      | Gained mutation: You have very sharp teeth. [Xom's grace]
  7174 | D:1      | Gained mutation: You expend magic power (3 MP) to
                  | strengthen your wands. [Xom's grace]
  7415 | D:2      | XOM: 3-stop teleportation journey
  7552 | D:2      | Found an opulent altar of Gozag.
  7552 | D:2      | XOM: 8-stop teleportation journey
  7615 | D:2      | XOM: 3-stop teleportation journey
  7625 | D:2      | XOM: give mutations
  7625 | D:2      | Lost mutation: You are strong-willed. (Will+) [Xom's
                  | mischief]
  7625 | D:2      | Gained mutation: Your natural rate of healing is unusually
                  | fast. [Xom's mischief]
  7710 | D:2      | Reached skill level 2 in Stealth
  7909 | D:2      | XOM: cloud trail
  8016 | D:2      | Reached XP level 4. HP: 35/35 MP: 4/4
  8551 | D:3      | XOM: god gift: 5 stones
  8564 | D:3      | Reached skill level 3 in Stealth
  8625 | D:3      | Found a glowing drain.
  8646 | Sewer    | Entered a sewer
  8694 | Sewer    | Reached XP level 5. HP: 40/40 MP: 5/5
  8724 | Sewer    | Noticed a kobold brigand
  8738 | Sewer    | XOM: confuse monster(s)
  8741 | Sewer    | Killed a kobold brigand
  8742 | Sewer    | Reached skill level 4 in Stealth
  8752 | Sewer    | XOM: snakes to sticks
  8857 | Sewer    | Noticed a kobold brigand
  8865 | Sewer    | Killed a kobold brigand
  8866 | Sewer    | Reached skill level 5 in Stealth
  8866 | Sewer    | Reached XP level 6. HP: 47/47 MP: 6/6
  8962 | Sewer    | Reached skill level 6 in Stealth
  9063 | Sewer    | XOM: summons friendly crimson imp
  9072 | Sewer    | Reached XP level 7. HP: 46/52 MP: 7/7
  9168 | Sewer    | Reached skill level 5 in Short Blades
  9295 | D:3      | You fall into a shaft and drop 2 floors!
  9295 | D:5      | Entered Level 5 of the Dungeon
  9409 | D:4      | Reached skill level 7 in Stealth
  9447 | D:4      | XOM: give mutation
  9447 | D:4      | Gained mutation: You are covered in fur. (AC +1) [Xom's
                  | grace]
  9618 | D:3      | Found an iron altar of Okawaru.
  9706 | D:3      | Found an ancient bone altar of Kikubaaqudgha.
  9726 | D:3      | XOM: divination: detect creatures
  9786 | D:3      | XOM: give mutations
  9786 | D:3      | Gained mutation: One of your tentacles bears a spike.
                  | [Xom's grace]
  9786 | D:3      | Gained mutation: One of your tentacles bears a nasty spike.
                  | [Xom's grace]
  9786 | D:3      | Gained mutation: You are resistant to electric shocks.
                  | (rElec) [Xom's grace]
  9803 | D:3      | Found a sparkling altar of Nemelex Xobeh.
  9824 | D:3      | Identified a scroll of acquirement
  9825 | D:3      | Acquired the +3 warlock's mirror {omnireflect}
  9825 | D:3      | Found the +3 warlock's mirror {omnireflect}
 10029 | D:4      | Found a glowing golden altar of the Shining One.
 10371 | D:4      | Reached skill level 8 in Stealth
 10474 | D:4      | Identified the ring "Ankut" {Fly rN+} (Xom gifted it to you
                  | on level 4 of the Dungeon)
 10474 | D:4      | XOM: god gift: ring "Ankut" {Fly rN+}
 10639 | D:5      | Reached XP level 8. HP: 57/59 MP: 8/8
 10682 | D:5      | Reached skill level 9 in Stealth
 10717 | D:5      | Found a staircase to the Ecumenical Temple.
 10722 | D:5      | Noticed Ijyb
 10735 | D:5      | Killed Ijyb
 10814 | D:5      | Reached skill level 1 in Shields
 10849 | D:5      | Reached skill level 10 in Stealth
 10998 | D:5      | XOM: scenery: create altars
 11098 | D:5      | Got Mack's Practicing Hermetics
 11217 | D:5      | Noticed Dowan
 11219 | D:5      | Noticed Duvessa
 11233 | D:5      | XOM: silly message
 11240 | D:5      | Killed Duvessa
 11240 | D:5      | Killed Dowan
 11241 | D:5      | Reached XP level 9. HP: 57/66 MP: 9/9
 11332 | D:5      | XOM: silly message
 11373 | D:5      | XOM: summons 1 hostile demon
 11423 | D:5      | Noticed Pikel
 11429 | D:5      | XOM: blink monster(s)
 11436 | D:5      | Killed Pikel
 11437 | D:5      | Reached skill level 5 in Fighting
 11437 | D:5      | Reached skill level 5 in Dodging
 11437 | D:5      | Reached skill level 11 in Stealth
 11447 | D:5      | Found a blossoming altar of Fedhas.
 11666 | D:5      | a shapeshifter changed into a yaktaur
 11666 | D:5      | Noticed a yaktaur (shapeshifter)
 11669 | D:5      | XOM: swap monsters
 11676 | D:5      | Killed a yaktaur
 11845 | D:6      | Reached skill level 12 in Stealth
 11862 | D:6      | XOM: snakes to sticks
 11953 | D:6      | Found a hide-covered altar of Uskayaw.
 12137 | D:6      | Found a corrupted altar of Lugonu.
 12137 | D:6      | Found a one-way gate to the infinite horrors of the Abyss.
 12153 | D:6      | XOM: give mutations
 12153 | D:6      | Lost mutation: You expend magic power (3 MP) to strengthen
                  | your wands. [Xom's mischief]
 12153 | D:6      | Lost mutation: Your spells are a little easier to cast, but
                  | a little less powerful. [Xom's mischief]
 12216 | D:6      | Reached XP level 10. HP: 72/72 MP: 10/10
 12255 | D:6      | XOM: chaos upgrade
 12500 | D:6      | XOM: chaos upgrade
 12505 | D:6      | Acquired the ring "Reru" {Drain rF+ rC+++ Str-4 Dex+6}
 12778 | D:7      | XOM: cloud trail
 12863 | D:7      | Noticed Jeremiah
 12915 | D:7      | Jeremiah changed into Jeremiah the cyclops
 12915 | D:7      | Noticed Jeremiah
 12915 | D:7      | XOM: polymorph Jeremiah -> Jeremiah the cyclops
 12918 | D:7      | XOM: 4-stop teleportation journey
 12964 | D:7      | Reached skill level 13 in Stealth
 12977 | D:7      | Noticed Joseph
 12981 | D:7      | Banished Joseph
 13170 | D:7      | XOM: polymorph orc warrior -> worm
 13259 | D:7      | Killed Jeremiah the cyclops
 13435 | D:7      | XOM: give mutations
 13435 | D:7      | Lost mutation: You occasionally shout uncontrollably at
                  | your foes. [Xom's mischief]
 13435 | D:7      | Lost mutation: You are covered in fur. (AC +1) [Xom's
                  | mischief]
 13435 | D:7      | Lost mutation: You are resistant to electric shocks.
                  | (rElec) [Xom's mischief]
 13435 | D:7      | Lost mutation: Your mind is acute. (Int +4, Str/Dex -1)
                  | [Xom's mischief]
 13547 | D:8      | Reached skill level 14 in Stealth
 13582 | D:8      | XOM: summons 6 hostile demons
 13621 | D:8      | XOM: god gift: puce potion {god gift}
 13656 | D:8      | XOM: god gift: scimitar {god gift}
 13695 | D:8      | XOM: 1-stop teleportation journey
 13729 | D:8      | XOM: polymorph gnoll sergeant -> wolf
 13764 | D:8      | XOM: summons friendly crimson imp
 13977 | D:8      | XOM: stat loss: -1 Dex (21/22)
 14000 | D:8      | XOM: summons 4 hostile shadow creatures
 14006 | D:8      | XOM: give mutations
 14006 | D:8      | Lost mutation: You are robust. (+10% HP) [Xom's mischief]
 14006 | D:8      | Lost mutation: You are completely covered in iridescent
                  | scales. (AC +6) [Xom's mischief]
 14006 | D:8      | Lost mutation: You have very sharp teeth. [Xom's mischief]
 14089 | D:8      | Reached XP level 11. HP: 72/72 MP: 11/11
 14091 | D:8      | Identified the staff of Bespelled Valiance {*Slow rF+ Will+
                  | rCorr Conj}
 14091 | D:8      | Identified the +0 shortbow "Nulamups" {freeze, rPois Will+}
 14097 | D:8      | Noticed a cyclops
 14100 | D:8      | Killed a cyclops
 14102 | D:8      | Reached skill level 15 in Stealth
 14102 | D:8      | Reached skill level 5 in Shields
 14121 | D:8      | Noticed a centaur warrior
 14123 | D:8      | Killed a centaur warrior
 14125 | D:8      | Identified the +4 spear "Geukkeq" {flame, rElec rCorr
                  | Int+3}
 14125 | D:8      | Identified the ring of Arekesao {Str+3 Dex+6}
 14255 | D:9      | Noticed a two-headed ogre
 14262 | D:9      | XOM: enchant monster (good)
 14268 | D:9      | XOM: enchant monster (bad)
 14271 | D:9      | XOM: silly message
 14275 | D:9      | Killed a two-headed ogre
 14276 | D:9      | Reached skill level 1 in Evocations
 14276 | D:9      | Reached skill level 1 in Shapeshifting
 14323 | D:9      | Noticed a deep troll
 14326 | D:9      | Noticed a deep troll
 14327 | D:9      | Noticed a deep troll
 14327 | D:9      | Noticed a deep troll
 14328 | D:9      | Found the necklace of Bloodlust {Fury *Rage Will++ Int-3
                  | Slay+6}
 14329 | D:9      | XOM: enchant monster (good)
 14478 | D:9      | XOM: silly message
 14692 | D:9      | Noticed an ogre mage
 14696 | D:9      | an ogre mage changed into a shapeshifter
 14696 | D:9      | XOM: polymorph ogre mage -> shapeshifter
 14772 | D:9      | XOM: stat loss: -1 Int (13/14)
 14783 | D:9      | Noticed a boulder beetle
 14785 | D:9      | Noticed a six-headed hydra
 14787 | D:9      | Killed a boulder beetle
 14789 | D:9      | XOM: draining
 14797 | D:9      | Killed a six-headed hydra
 14798 | D:9      | Reached skill level 16 in Stealth
 14843 | D:9      | XOM: enchant monster (bad)
 14850 | D:9      | XOM: give mutations
 14850 | D:9      | Gained mutation: You are dopey. (Int -2) [Xom's mischief]
 14850 | D:9      | Lost mutation: You are mostly covered in iridescent scales.
                  | (AC +4) [Xom's mischief]
 14854 | D:9      | Slain by a deep troll

Illustrated notes

Levels and vault maps discovered:
D:1:      dpeg_arrival_windows_large_door, layout_loops_ring,
          shapermc_ecumenical_altar_gd
D:2:      layout_basic, basic_altar
D:3:      layout_loops_cross, kennysheep_vampire_church,
          mainiacjoe_overflow_big_doors, portal_sewer_entry_b, minmay_surrounded
D:4:      layout_basic, tso_metal_star
D:5:      minmay_thinvault, layout_loops_corners, mainiacjoe_overflow_24_doors,
          minmay_temple_entry_large_hall, uniq_pikel, uniq_ijyb, uniq_duvessa
D:6:      corexii_shantytown, layout_basic, nicolae_uskayaw_dance_studio,
          amcnicky_altar_lugonu_corruption
D:7:      layout_basic, uniq_joseph, uniq_jeremiah
D:8:      layout_rooms, dreamdust_wishing_well, minmay_the_grid_2x2
          [minmay_the_grid_minigrid_medium, minmay_the_grid_rooms,
          minmay_the_grid_medium_cups,
          minmay_the_grid_prize_four_corners_diamond_a]
D:9:      minmay_chopped_fan, layout_rooms,
          hellmonk_guarded_unrand_vitality_bloodlust

Skill      XL: |  1  2  3  4  5  6  7  8  9 10 11 |
---------------+----------------------------------+-----
Stealth        | 1 2 3 5 6 8 10 12 14 16 | 16.0
Short Blades   | 4 5 6 7 8 9 |  9.2
Dodging        | 3 4 5 6 |  6.9
Fighting       | 4 5 6 |  6.7
Shields        | 1 3 4 5 |  5.7
Evocations     | 2 |  2.7
Shapeshifting  | 2 |  2.2

Action                     |  1- 3 |  4- 6 |  7- 9 | 10-12 || total
---------------------------+-------+-------+-------+-------++-------
  Melee: Short sword       |    76 |    86 |   284 |    78 ||   524
         Tentacles         |    14 |    18 |    77 |    85 ||   194
         Constrict         |    11 |    18 |    55 |    58 ||   142
         Bite              |     2 |    15 |    45 |    27 ||    89
         Punch             |       |     3 |     7 |    10 ||    20
         Kick              |       |       |    84 |   134 ||   218
         Dagger            |       |       |       |   255 ||   255
  Evoke: Wand              |       |       |       |     1 ||     1
    Use: Scroll            |     1 |       |     9 |     6 ||    16
   Stab: Sleeping          |    10 |    10 |    28 |    42 ||    90
         Paralysed         |       |     1 |     1 |       ||     2
         Distracted        |       |       |     2 |       ||     2
         Confused          |       |       |     2 |       ||     2
         Petrifying        |       |       |       |     2 ||     2
 Armour: Skin              |    36 |    24 |    63 |    78 ||   201
  Dodge: Dodged            |    54 |    39 |   139 |   193 ||   425
  Block: Buckler           |       |       |    39 |   123 ||   162
         Reflection        |       |       |       |     5 ||     5

Table legend: (Time is in decaauts)
 A = Elapsed time spent in this place.
 B = Non-inter-level travel time spent in this place.
 C = Inter-level travel time spent in this place.
 D = Time resting spent in this place.
 E = Time spent auto-exploring this place.
 F = Levels seen in this place.
 G = Mean time per level.
                   A        B        C        D        E       F      G
               +--------+--------+--------+--------+--------+-----+--------+
         Total |  14637 |  14311 |    326 |   6516 |   5957 |  10 | 1463.7 |
       Dungeon |  14100 |  13774 |    326 |   6516 |   5618 |   9 | 1566.7 |
         Sewer |    537 |    537 |      0 |      0 |    339 |   1 |  537.0 |
               +--------+--------+--------+--------+--------+-----+--------+

Top non-repeatable levels by time:
     D:1: 6953 daAuts
     D:2: 1488 daAuts
     D:5: 1211 daAuts
     D:7: 853 daAuts
     D:4: 830 daAuts
     D:6: 816 daAuts
     D:8: 713 daAuts
     D:3: 671 daAuts
     D:9: 561 daAuts
   Sewer: 537 daAuts
